AoeStats
← 🅡🅐🅨🅖🅞🅝

Arabia

508075405Analyzed
1v1 RM · 10d ago on Sep 20, 2026· 29m 37s· 2 players
Game mode
Random Map
Map size
Tiny (2 player)
Population
200
Speed
Normal
Resources
Standard
Victory
Conquest
Starting age
Dark Age
Ending age
Imperial Age
RankedLock teamsTeams togetherTeam positionsShared explorationLock speedFull tech treeHidden civsTurbo modeCheats
Victory
Defeat
🇦🇷 Franks · Argentina
715
+18
749
-43
Manucha
9:26 Feudal Age
10:10 Double-Bit Axe
13:28 Forging
15:08 Loom
16:12 Scale Barding Armor
22:10 Castle Age
23:05 Bow Saw
22:57 Husbandry
23:20 Chain Barding Armor
23:37 Iron Casting
24:59 Gold Mining
29:12 Wheelbarrow
🅡🅐🅨🅖🅞🅝
4:22 Double-Bit Axe
6:46 Horse Collar
11:46 Feudal Age
13:18 Loom
16:25 Wheelbarrow
17:26 Heavy Plow
18:14 Bow Saw
22:47 Scale Mail Armor
26:17 Castle Age
24:54 Gold Mining
24:56 Stone Mining
28:02 Two-Man Saw
Connection lost

Rejoining the realm…

Still unreachable

The connection could not be restored.

Session expired

The server has moved on; the page needs a fresh start.